 Dungeon Crawl Stone Soup version 0.29-a0-878-g7b45a56547 (webtiles) character file.

Game seed: 9776374906087452539

101 kevlar127 the Ruffian (level 4, -4/45 HPs)
             Began as a Troll Berserker on July 19, 2022.
             Was a Believer of Trog.
             Slain by a kobold
             ... wielding the +5 short sword of Tifruygh {freeze, rElec rN+ Will- Stlth+}
              (5 damage)
             ... on level 2 of the Dungeon.
             The game lasted 00:02:00 (1378 turns).

kevlar127 the Ruffian (Troll Berserker)             Turns: 1378, Time: 00:02:01

Health: -4/45      AC:  4    Str: 27    XL:     4   Next: 48%
Magic:  3/3        EV: 10    Int:  3    God:    Trog [**....]
Gold:   57         SH:  0    Dex:  9    Spells: 3/3 levels left

rFire   . . .      SeeInvis .     - Unarmed
rCold   . . .      Faith    .   (no shield)
rNeg    . . .      Spirit   .   a - +0 animal skin
rPois   .          Reflect  .   (helmet restricted)
rElec   .          Harm     .   (no cloak)
rCorr   .          Rampage  .   (gloves unavailable)
Will    .....                   (boots unavailable)
Stlth   +.........              (no amulet)
HPRegen 0.95/turn               (no ring)
MPRegen 0.08/turn               (no ring)

@: lethally poisoned (-4 -> -6)
A: large, unfitting armour, claws 3, regeneration 1, shaggy fur 1, tough skin 1
a: Renounce Religion, Berserk, Trog's Hand


You were on level 2 of the Dungeon.
You worshipped Trog.
Trog was pleased with you.
You visited 1 branch of the dungeon, and saw 2 of its levels.

You collected 57 gold pieces.

Inventory:

Missiles
 f - 30 stones (quivered)
 h - 5 atropa-tipped darts
 i - 5 poisoned darts
Armour
 a - a +0 animal skin (worn)
Scrolls
 c - 4 scrolls of silence {unknown}
 d - 2 scrolls of identify {unknown}
 e - 2 scrolls of fog {unknown}
 l - a scroll of teleportation {unknown}
Potions
 b - a potion of berserk rage {unknown}
 g - a potion of heal wounds {unknown}
 j - a potion of lignification {unknown}
 k - a potion of flight {unknown}


   Skills:
 + Level 3.3 Fighting
 - Level 3.0 Dodging
 + Level 4.1 Unarmed Combat


You had 3 spell levels left.
You didn't know any spells.
Your spell library was empty.

Dungeon Overview and Level Annotations

Branches:
Dungeon (2/15)

Altars:

Shops:
D:1 !


Innate Abilities, Weirdness & Mutations

You are too large for most types of armour.
You have claws for hands.
Your natural rate of healing is unusually fast.
You are covered in fur. (AC +1)
You have tough skin. (AC +1)


Message History

You miss the adder.
You feel very sick.
You claw the adder!
You kill the adder!
Trog accepts your kill.
You feel very sick. The adder bites you.
* * * LOW HITPOINT WARNING * * *
Your Unarmed Combat skill increases to level 4!
You scratch the adder.
The adder is heavily wounded.
You feel sick. The adder bites you but does no damage.
You scratch the adder.
The adder is severely wounded.
You feel sick. The adder bites you but does no damage.
The kobold hits you with the +5 short sword of Tifruygh {freeze, rElec rN+ Will- Stlth+}.
* * * LOW HITPOINT WARNING * * *
The kobold freezes you.
* * * LOW HITPOINT WARNING * * *
The adder barely misses you.
You claw the adder!
You kill the adder!
Trog accepts your kill.
You feel sick.
The kobold hits you with the +5 short sword of Tifruygh {freeze, rElec rN+ Will- Stlth+}.
* * * LOW HITPOINT WARNING * * *
The kobold freezes you.
* * * LOW HITPOINT WARNING * * *
Throw: 30 stones
Press: ? - help, Q - select action, (/) - cycle Shift-Dir - straight line, f - kobold
Aim: a kobold, wielding the +5 short sword of Tifruygh {freeze, rElec rN+ Will- Stlth+} and quivering poisoned darts (45% to hit)
Okay, then.
You miss the kobold.
* * * LOW HITPOINT WARNING * * *
You feel sick. The kobold closely misses you.
You closely miss the kobold.
* * * LOW HITPOINT WARNING * * *
You feel sick.
The kobold hits you with the +5 short sword of Tifruygh {freeze, rElec rN+ Will- Stlth+}.
You die...

#.#.. #...... ##.#..
....... ### #..... .......
..# #####..... ....... #.#
#........# ..... #.#
#......### ..##...
#.#######......# #
......†##..............###
#.....@!######.........
#....##K#......########
#..........#...# #.####
#...###.####..## #.....
#... ...# #..# #.####
##....### #..####.###.
#.##. #.....#..##. .. #
####.##.##.##.
........)..##.


You could see a kobold.

Vanquished Creatures
  3 gnolls (D:2)
  3 adders (D:2)
  A dart slug (D:2)
  5 ball pythons
  3 endoplasms
  A giant cockroach (D:2)
  3 goblins
  4 hobgoblins
  6 jackals (D:1)
  3 quokkas (D:1)
  3 bats
  A frilled lizard (D:1)
  4 kobolds
  3 rats
43 creatures vanquished.

Notes
Turn   | Place    | Note
-------+----------+-------------------------------------------
     0 | D:1      | kevlar127 the Troll Berserker began the quest for the Orb.
     0 | D:1      | Reached XP level 1. HP: 22/22 MP: 0/0
   139 | D:1      | Reached XP level 2. HP: 27/29 MP: 1/1
   522 | D:1      | Reached ** piety under Trog
   642 | D:1      | Found Itrunaf's Distillery.
   672 | D:1      | Reached XP level 3. HP: 36/36 MP: 2/2
   899 | D:2      | Identified the +7 mace "Nimp" {vorpal, *Rage rPois rC++
                  | rN+++}
  1099 | D:2      | Found a faded altar of an unknown god.
  1117 | D:2      | HP: 2/55 [gnoll/+0 spear of flaming (1)]
  1120 | D:2      | Reached XP level 4. HP: 4/45 MP: 3/3
  1355 | D:2      | Identified the +5 short sword of Tifruygh {freeze, rElec
                  | rN+ Will- Stlth+}
  1374 | D:2      | Reached skill level 4 in Unarmed Combat
  1376 | D:2      | HP: 2/45 [kobold/the +5 short sword of Tifruygh {freeze,
                  | rElec rN+ Will- Stlth+} (2)]
  1378 | D:2      | Slain by a kobold

Illustrated notes

Levels and vault maps discovered:
D:1:      lemuel_arrival_hallway, layout_basic, serial_shops, shop
D:2:      layout_basic, basic_ecumenical_altar

Skill      XL: |  1  2  3  4 |
---------------+-------------+-----
Dodging        | 3 |  3.0
Fighting       | 3 |  3.3
Unarmed Combat | 4 |  4.1

Action                   |  1- 3 |  4- 6 || total
-------------------------+-------+-------++-------
Melee: Unarmed           |   105 |    27 ||   132
Invok: Berserk           |     1 |       ||     1
Armor: Animal skin       |    32 |    16 ||    48
Dodge: Dodged            |    52 |    15 ||    67

Table legend: (Time is in decaauts)
 A = Elapsed time spent in this place.
 B = Non-inter-level travel time spent in this place.
 C = Inter-level travel time spent in this place.
 D = Time resting spent in this place.
 E = Time spent auto-exploring this place.
 F = Levels seen in this place.
 G = Mean time per level.
                   A        B        C        D        E       F      G
               +--------+--------+--------+--------+--------+-----+--------+
         Total |   1381 |   1329 |     52 |     60 |   1031 |   2 |  690.5 |
       Dungeon |   1381 |   1329 |     52 |     60 |   1031 |   2 |  690.5 |
               +--------+--------+--------+--------+--------+-----+--------+

Top non-repeatable levels by time:
     D:1: 850 daAuts
     D:2: 530 daAuts
